 Dungeon Crawl Stone Soup version 0.28.0-45-g0d030f2227 (webtiles) character file.

Game seed: 11289664862795650169

38 Zeld the Bolt Thrower (level 3, -1/22 HPs)
             Began as a Kobold Hunter on Apr 7, 2022.
             Slain by a goblin
             ... wielding a +0 dagger
             ... led by Robin
              (3 damage)
             ... on level 4 of the Dungeon.
             The game lasted 00:02:21 (1270 turns).

Zeld the Bolt Thrower (Kobold Hunter)               Turns: 1270, Time: 00:02:21

Health: -1/22      AC:  3    Str:  9    XL:     3   Next: 65%
Magic:  3/3        EV: 11    Int: 12    God:
Gold:   82         SH:  0    Dex: 17    Spells: 2/2 levels left

rFire   . . .      SeeInvis .   b - +0 rapier
rCold   . . .      Faith    .   (no shield)
rNeg    . . .      Spirit   .   c - +0 leather armour
rPois   .          Reflect  .   (no helmet)
rElec   .          Harm     .   (no cloak)
rCorr   .          Rampage  .   (no gloves)
Will    .....                   (no boots)
Stlth   +++.......              (no amulet)
HPRegen 0.07/turn               (no ring)
MPRegen 0.08/turn               (no ring)

@: constricted
A: small, no large weapons, nightstalker 3
a: no special abilities


You were on level 4 of the Dungeon.
You visited 1 branch of the dungeon, and saw 3 of its levels.

You collected 82 gold pieces.

Inventory:

Hand Weapons
 a - a +1 hand crossbow
 b - a +0 rapier (weapon)
Missiles
 d - 15 bolts
Armour
 c - a +0 leather armour (worn)
Scrolls
 f - a scroll of vulnerability {unknown}
 h - a scroll of teleportation {unknown}
 i - a scroll of noise {unknown}
 k - 2 scrolls of identify {unknown}
 l - a scroll of blinking {unknown}
Potions
 e - a potion of cancellation {unknown}
 g - a potion of curing {unknown}
 j - a potion of magic {unknown}


   Skills:
 + Level 2.4 Fighting
 * Level 2.1 Short Blades
 * Level 5.2 Crossbows
 + Level 2.8 Dodging
 + Level 2.1 Stealth


You had 2 spell levels left.
You didn't know any spells.
Your spell library contained the following spells:

 Spells                   Type           Power      Damage    Failure   Level
 Sublimation of Blood     Necr           0%         N/A       56%         2
 Wereblood                Tmut           0%         N/A       56%         2
 Summon Hydra             Summ           0%         N/A       100%        7


Dungeon Overview and Level Annotations

Branches:
Dungeon (2/15)

Altars:

Annotations:
D:4 Robin


Innate Abilities, Weirdness & Mutations

You are small and have problems with some larger weapons.
You are completely attuned to the shadows.


Message History

You closely miss the ball python.
The ball python is heavily wounded.
The ball python closely misses you. The ball python constricts you.
Robin throws the goblin at you!
You hit the ball python.
The ball python is severely wounded.
The goblin hits you but does no damage. The ball python closely misses you.
The ball python constricts you.
You closely miss the goblin. The ball python misses you.
The ball python constricts you. The goblin hits you with a +0 dagger.
The ball python bites you. The ball python constricts you.
The goblin hits you but does no damage.
You closely miss the goblin. The ball python barely misses you.
The ball python constricts you.
A goblin comes into view. It is wielding a +0 dagger.
The goblin hits you with a +0 dagger.
* * * LOW HITPOINT WARNING * * *
Unknown command.
You hit the goblin.
The goblin is moderately wounded.
The ball python bites you but does no damage.
The ball python constricts you. The goblin misses you.
Unknown command.
You hit the goblin.
The goblin is heavily wounded.
The ball python bites you but does no damage.
The ball python constricts you.
* * * LOW HITPOINT WARNING * * *
The goblin hits you but does no damage. The ball python bites you.
* * * LOW HITPOINT WARNING * * *
The ball python constricts you.
* * * LOW HITPOINT WARNING * * *
You closely miss the goblin.
The goblin is heavily wounded.
Robin roars a battlecry!
The goblins go into a battle-frenzy!
The ball python closely misses you. The ball python constricts you.
* * * LOW HITPOINT WARNING * * *
The goblin hits you with a +0 dagger.
You die...

#.# #.# #.#
#.# #.# #.#
#.# #.# .#..
#.# #.#
....###.####.#
..(....ggS@g.#
.#...##g######
...g.g..#
.#...####
.....# ####g#
#g# .(g ...


You could see Robin, 3 goblins and a ball python.

Vanquished Creatures
  An adder (D:2)
  A dart slug (D:1)
  A ball python (D:1)
  A bat (D:1)
  4 endoplasms (D:1)
  3 giant cockroaches
  5 goblins
  2 hobgoblins
  2 quokkas (D:1)
  A frilled lizard (D:1)
  A kobold (D:1)
  A rat (D:1)
23 creatures vanquished.

Notes
Turn   | Place    | Note
-------+----------+-------------------------------------------
     0 | D:1      | Zeld the Kobold Hunter began the quest for the Orb.
     0 | D:1      | Reached XP level 1. HP: 12/12 MP: 1/1
   367 | D:1      | Reached XP level 2. HP: 17/17 MP: 2/2
   513 | D:1      | Reached skill level 1 in Short Blades
   513 | D:1      | Reached skill level 5 in Crossbows
   550 | D:1      | Found a faded altar of an unknown god.
   704 | D:1      | Reached XP level 3. HP: 22/22 MP: 3/3
  1197 | D:2      | You fall into a shaft and drop 2 floors!
  1244 | D:4      | Noticed Robin
  1270 | D:4      | Slain by a goblin

Illustrated notes

Levels and vault maps discovered:
D:1:      tarquinn_simple_flora_water_a, layout_rooms,
          shapermc_ecumenical_altar_pompeii, serial_bayou_crossing
D:2:      layout_loops_ring, minmay_pentomino_s2
D:4:      layout_loops_cross, minmay_temple_entry_gardened_gates, uniq_robin,
          uniq_sigmund

Skill      XL: |  1  2  3 |
---------------+----------+-----
Short Blades   | 1 2 |  2.1
Crossbows      | 5 |  5.2
Stealth        | 2 |  2.1
Fighting       | |  2.4
Dodging        | |  2.8

Action                   || total
-------------------------++-------
Melee: Short sword       ||    21
       Rapier            ||    16
 Fire: Hand crossbow     ||    28
 Stab: Sleeping          ||     1
Armor: Leather armour    ||    16
Dodge: Dodged            ||    25
